 Dungeon Crawl Stone Soup version 0.30-a0-996-ga6910c8ee8 (webtiles) character file.

Game seed: 6243281526213487502

37 Zeldest the Vexing (level 3, -2/28 HPs)
             Began as a Demigod Enchanter on Apr 4, 2023.
             Slain by a hound (4 damage)
             ... on level 4 of the Dungeon.
             The game lasted 00:03:26 (1149 turns).

Zeldest the Vexing (Demigod Enchanter)              Turns: 1149, Time: 00:03:27

Health: -2/28      AC:  3    Str: 15    XL:     3   Next: 7%
Magic:  8/8        EV: 13    Int: 17    God:
Gold:   83         SH:  0    Dex: 18    Spells: 5/5 levels left

rFire   . . .      SeeInvis .    a - +1 dagger
rCold   . . .      Faith    .    (no shield)
rNeg    . . .      Spirit   .    b - +0 robe
rPois   .          Reflect  .    (no helmet)
rElec   .          Rampage  .    (no cloak)
rCorr   .                        (no gloves)
Will    .....                    d - +0 pair of boots
Stlth   ++                       (no amulet)
HPRegen 0.24/turn                i - +6 ring of strength
MPRegen 0.11/turn                (no ring)

@: weak-willed, hasted, invisible (expiring), very quick
A: high MP 1, forlorn, divine attributes
a: no special abilities


You were on level 4 of the Dungeon.
You visited 1 branch of the dungeon, and saw 4 of its levels.

You collected 83 gold pieces.

Inventory:

Hand Weapons
 a - a +1 dagger (weapon)
Armour
 b - a +0 robe (worn)
 d - a +0 pair of boots (worn)
Jewellery
 i - a +6 ring of strength (left hand)
Potions
 g - a potion of might {unknown}
 h - a potion of attraction {unknown}
 j - a potion of heal wounds {unknown}
 l - 2 potions of curing {unknown}


   Skills:
 + Level 1.3 Fighting
 - Level 0.8(1.2) Short Blades
 + Level 1.3(1.5) Long Blades
 + Level 2.3 Dodging
 - Level 2.6 Stealth
 - Level 1.7 Spellcasting
 - Level 2.6 Hexes


You had 5 spell levels left.
You didn't know any spells.
Your spell library contained the following spells:

 Spells                   Type           Power      Damage    Failure   Level
 Ensorcelled Hibernation  Hex/Ice        12%        N/A       17%         2
 Confusing Touch          Hex            10%        N/A       21%         3
 Tukima's Dance           Hex            10%        N/A       21%         3
 Dazzling Flash           Conj/Hex       12%        N/A       34%         3
 Passage of Golubria      Tloc           1%         N/A       89%         4
 Yara's Violent Unravell  Hex/Tmut       3%         3d4       97%         5


Dungeon Overview and Level Annotations

Branches:
Dungeon (4/15) Zot: 22856
 Temple: D:4-7


Innate Abilities, Weirdness & Mutations

You have an increased reservoir of magic. (+10% MP)
You shall have no god before yourself.
Your divine heritage dramatically boosts your attributes as you level up.


Message History

The hound misses you.
You hit the hound but do no damage.
The hound is moderately wounded.
The hound bites you.
* * * LOW HITPOINT WARNING * * *
The hound barely misses you.
You closely miss the hound.
The hound is moderately wounded.
The hound misses you.
You hit the hound.
The hound is heavily wounded.
The hound closely misses you. The hound bites you but does no damage.
You hit the hound.
The hound is severely wounded.
The hound barely misses you.
You barely miss the hound.
The hound is severely wounded.
The hound barely misses you.
The hound stops to sniff the ground.
The hound bites you.
* * * LOW HITPOINT WARNING * * *
You hit the hound. You punch the hound, but do no damage.
The hound is almost dead.
The hound closely misses you.
You hit the hound but do no damage.
The hound is almost dead.
The hound barely misses you.
You closely miss the hound.
The hound is almost dead.
The hound closely misses you. The hound bites you.
* * * LOW HITPOINT WARNING * * *
You hit the hound.
The hound is almost dead.
The hound bites you but does no damage.
You closely miss the hound.
The hound is almost dead.
You flicker for a moment.
The hound barely misses you.
It was a potion of haste.
You feel yourself speed up. The hound bites you.
You die...

#.......#..
#.......... ####
##.###..<..
#..###.#####....
####........#l.O.##
##......#.....h...#
#.....>..h.......##
##.h#.............#
##@#####...........
#.)..# ##........#.
##..## #...)...###
#### #.......[
#.........


You could see a hound.

Vanquished Creatures
  2 adders (D:3)
  An endoplasm (D:3)
  A goblin (D:4)
  A hobgoblin (D:1)
  2 jackals (D:3)
  2 quokkas
  2 ball pythons
  A bat (D:3)
  2 frilled lizards (D:3)
  3 kobolds
  2 rats
19 creatures vanquished.

Notes
Turn   | Place    | Note
-------+----------+-------------------------------------------
     0 | D:1      | Zeldest the Demigod Enchanter began the quest for the Orb.
     0 | D:1      | Reached XP level 1. HP: 14/14 MP: 5/5
   164 | D:3      | Reached XP level 2. HP: 7/22 MP: 7/7
   314 | D:3      | Reached skill level 1 in Fighting
   330 | D:3      | Reached skill level 1 in Long Blades
   603 | D:3      | Reached XP level 3. HP: 18/28 MP: 8/8
  1101 | D:4      | Noticed an ogre
  1149 | D:4      | Slain by a hound

Illustrated notes

Levels and vault maps discovered:
D:1:      dpeg_arrival_fog, layout_basic
D:2:      layout_loops_ring
D:3:      layout_loops_cross
D:4:      layout_cave_pools, lemuel_tele_altar

Skill      XL: |  1  2 |
---------------+-------+-----
Dodging        | 2 |  2.3
Fighting       | 1 |  1.3
Long Blades    | 1 |  1.3
Short Blades   | |  0.8
Stealth        | |  2.6
Spellcasting   | |  1.7
Hexes          | |  2.6

Action                     || total
---------------------------++-------
  Melee: Dagger            ||    89
         Punch             ||     1
    Use: Potion            ||     3
         Scroll            ||     2
   Stab: Invisible         ||     1
         Sleeping          ||     4
 Armour: Robe              ||    21
  Dodge: Dodged            ||    79

Table legend: (Time is in decaauts)
 A = Elapsed time spent in this place.
 B = Non-inter-level travel time spent in this place.
 C = Inter-level travel time spent in this place.
 D = Time resting spent in this place.
 E = Time spent auto-exploring this place.
 F = Levels seen in this place.
 G = Mean time per level.
                   A        B        C        D        E       F      G
               +--------+--------+--------+--------+--------+-----+--------+
         Total |   1143 |   1062 |     81 |    198 |    534 |   4 |  285.8 |
       Dungeon |   1143 |   1062 |     81 |    198 |    534 |   4 |  285.8 |
               +--------+--------+--------+--------+--------+-----+--------+

Top non-repeatable levels by time:
     D:3: 834 daAuts
     D:1: 133 daAuts
     D:2: 128 daAuts
     D:4: 46 daAuts
